 Dungeon Crawl Stone Soup version 0.27-a0-277-g024f7ef292 (webtiles) character file.

Game seed: 2374814798412759109

149 HoaS the Twirler (level 5, -14/30 HPs)
             Began as a Gargoyle Gladiator on Feb 6, 2021.
             Killed by divine providence
             ... invoked by an orc priest
              (16 damage)
             ... on level 3 of the Dungeon.
             The game lasted 00:05:33 (1903 turns).

HoaS the Twirler (Gargoyle Gladiator)               Turns: 1903, Time: 00:05:33

Health: -14/30     AC: 15    Str: 18    XL:     5   Next: 31%
Magic:  5/5        EV:  7    Int:  9    God:
Gold:   159        SH:  0    Dex: 11    Spells: 4/4 levels left

rFire    . . .     SeeInvis .   a - +0 quarterstaff
rCold    . . .     Faith    .   (shield currently unavailable)
rNeg     + . .     Spirit   .   g - +0 chain mail
rPois    ∞         Reflect  .   c - +2 helmet
rElec    +         Harm     .   (no cloak)
rCorr    .         Rampage  .   (no gloves)
Will     .....                  (no boots)
Stlth    ..........             (no amulet)
HPRegen  0.10/turn              (no ring)
MPRegen  0.09/turn              (no ring)

@: no status effects
A: negative energy resistance 1, electricity resistance, unbreathing,
petrification resistance, miasma immunity, AC +4
a: no special abilities


You were on level 3 of the Dungeon.
You visited 1 branch of the dungeon, and saw 3 of its levels.

You collected 159 gold pieces.

Inventory:

Hand Weapons
 a - a +0 quarterstaff (weapon)
Missiles
 d - 3 throwing nets (quivered)
 e - 31 arrows
Armour
 c - a +2 helmet (worn)
 g - a +0 chain mail (worn)
Scrolls
 f - a scroll of enchant armour
 k - a scroll of remove curse
Potions
 b - 2 potions of mutation {unknown}
 h - a potion of flight {unknown}
 l - a potion of curing {unknown}


   Skills:
 - Level 2.1 Fighting
 + Level 5.8 Staves
 - Level 1.7 Throwing
 - Level 2.4 Dodging


You had 4 spell levels left.
You didn't know any spells.
Your spell library was empty.

Dungeon Overview and Level Annotations

Branches:
Dungeon (3/15)

Altars:
Cheibriados
Dithmenos


Innate Abilities, Weirdness & Mutations

You are resistant to torment.
Your stone body is resilient. (AC +4)
You are immune to poison.
You resist negative energy. (rN+)
You are resistant to electric shocks. (rElec)
You can survive without breathing.
You are immune to petrification.
You are immune to miasma.


Message History

You hit Ijyb but do no damage.
Ijyb is severely wounded.
Ijyb hits you with a +1 dagger of speed.
You miss Ijyb.
Ijyb is severely wounded.
Ijyb hits you but does no damage. x2
You closely miss Ijyb.
Ijyb is severely wounded.
Ijyb hits you but does no damage.
You thump Ijyb!
You kill Ijyb!
You miss something. Something completely misses you.
The orc priest calls down the wrath of Beogh upon you.
Beogh smites you!
* * * LOW HITPOINT WARNING * * *
You sock something! Something hits you but does no damage.
The orc priest invokes the aid of Beogh against you.
Beogh smites you!
Ouch! That really hurt!
You die...

#)......# #.# #...#.#
#.......# #.# ##..#..
#)......# #.# ..#..
###.......# #.#
#........[# #.#
#.....##### #.# #.....#
#.# #.....# #.#
##.....#### #@# ####
..........######{#.....
...............oog....#
................bK....#
......................#
#########.............#
#.............#
#.............#
#.............#


You could see an orc priest, an orc, a hobgoblin, a bat and a kobold.

Vanquished Creatures
  Ijyb (D:3)
  An orc wizard (D:3)
  2 adders (D:2)
  An ooze (D:2)
  An adder skeleton (D:2)
  3 worms (D:2)
  A dart slug (D:1)
  A leopard gecko (D:1)
  4 orcs (D:3)
  A giant cockroach (D:1)
  3 goblins
  5 hobgoblins
  2 jackals (D:2)
  4 quokkas (D:2)
  A ball python (D:1)
  4 bats
  6 frilled lizards
  10 kobolds
  10 rats
61 creatures vanquished.

Vanquished Creatures (others)
  12 plants (D:2)
12 creatures vanquished.

Grand Total: 73 creatures vanquished

Notes
Turn   | Place    | Note
-------+----------+-------------------------------------------
     0 | D:1      | HoaS the Gargoyle Gladiator began the quest for the Orb.
     0 | D:1      | Reached XP level 1. HP: 12/12 MP: 1/1
   107 | D:1      | Reached XP level 2. HP: 16/17 MP: 2/2
   599 | D:1      | Reached skill level 4 in Staves
   771 | D:2      | Reached XP level 3. HP: 19/21 MP: 3/3
   851 | D:2      | Found a snail-covered altar of Cheibriados.
   928 | D:2      | Reached XP level 4. HP: 26/26 MP: 4/4
  1248 | D:2      | Found a shadowy altar of Dithmenos.
  1278 | D:2      | Reached skill level 5 in Staves
  1706 | D:3      | Reached XP level 5. HP: 27/30 MP: 5/5
  1869 | D:3      | Noticed Ijyb
  1901 | D:3      | Killed Ijyb
  1903 | D:3      | Killed from afar by an orc priest

Illustrated notes

Levels and vault maps discovered:
D:1:      saegor_arrival_under_anarchy, layout_basic
D:2:      wad_woods_stonehenge, layout_basic, lemuel_doored_altar,
          minmay_rat_gold_closets
D:3:      layout_basic, chequers_ecumenical_altar_simple,
          ebering_ghost_reflecting_pool, uniq_ijyb

Skill      XL: |  1  2  3  4 |
---------------+-------------+-----
Staves         | 4 5 |  5.8
Fighting       | |  2.1
Throwing       | |  1.7
Dodging        | |  2.4

Action                   |  1- 3 |  4- 6 || total
-------------------------+-------+-------++-------
Melee: Quarterstaff      |   112 |   118 ||   230
  Use: Scroll            |       |     6 ||     6
Armor: Leather armour    |    25 |       ||    25
       Chain mail        |    34 |    56 ||    90
Dodge: Dodged            |    67 |    27 ||    94

Table legend: (Time is in decaauts)
 A = Elapsed time spent in this place.
 B = Non-inter-level travel time spent in this place.
 C = Inter-level travel time spent in this place.
 D = Time resting spent in this place.
 E = Time spent auto-exploring this place.
 F = Levels seen in this place.
 G = Mean time per level.
                   A        B        C        D        E       F      G
               +--------+--------+--------+--------+--------+-----+--------+
         Total |   1924 |   1699 |    225 |     52 |   1176 |   3 |  641.3 |
       Dungeon |   1924 |   1699 |    225 |     52 |   1176 |   3 |  641.3 |
               +--------+--------+--------+--------+--------+-----+--------+

Top non-repeatable levels by time:
     D:2: 928 daAuts
     D:1: 750 daAuts
     D:3: 245 daAuts
